 Dungeon Crawl Stone Soup version 0.28.0-45-g0d030f2227 (webtiles) character file.

Game seed: 7660192714977349914

21 GreyArmor the Grave Robber (level 2, -1/19 HPs)
             Began as a Mummy Necromancer on Apr 11, 2022.
             Slain by a gnoll
             ... wielding a +0 club
              (5 damage)
             ... on level 4 of the Dungeon.
             The game lasted 00:06:59 (807 turns).

GreyArmor the Grave Robber (Mummy Necromancer)       Turns: 807, Time: 00:07:00

Health: -1/19      AC:  2    Str: 11    XL:     2   Next: 62%
Magic:  0/6        EV: 12    Int: 14    God:
Gold:   55         SH:  0    Dex: 12    Spells: 5/7 levels left

rFire   x . .      SeeInvis .   (no weapon)
rCold   + . .      Faith    .   (no shield)
rNeg    + + +      Spirit   +   a - +0 robe
rPois   ∞          Reflect  .   (no helmet)
rElec   .          Harm     .   (no cloak)
rCorr   .          Rampage  .   (no gloves)
Will    .....                   (no boots)
Stlth   ++........              b - amulet of guardian spirit
HPRegen 0.06/turn               (no ring)
MPRegen 0.10/turn               (no ring)

@: no status effects
A: cold resistance 1, negative energy resistance 3, torment resistance 2, heat
vulnerability 1, no potions
a: no special abilities


You were on level 4 of the Dungeon.
You visited 1 branch of the dungeon, and saw 4 of its levels.

You collected 55 gold pieces.

Inventory:

Armour
 a - a +0 robe (worn)
Jewellery
 b - an amulet of guardian spirit (around neck)
Scrolls
 c - a scroll of blinking {unknown}
 d - a scroll of identify {unknown}
 f - a scroll of teleportation {unknown}
 g - a scroll of brand weapon {unknown}
Potions
 e - a potion of magic {unknown}


   Skills:
 + Level 0.2 Fighting
 + Level 1.5 Dodging
 + Level 1.7 Stealth
 + Level 3.2 Spellcasting
 + Level 4.4 Necromancy


You had 5 spell levels left.
You knew the following spells:

 Your Spells              Type           Power      Damage    Failure   Level
a - Pain                  Necr           56%        1d6       3%          1
b - Animate Skeleton      Necr           28%        N/A       3%          1

Your spell library contained the following spells:

 Spells                   Type           Power      Damage    Failure   Level
 Vampiric Draining        Necr           14%        2d7       10%         3
 Magic Dart               Conj           8%         1d3       22%         1
 Searing Ray              Conj           4%         2d4       32%         2
 Animate Dead             Necr           7%         N/A       32%         4
 Agony                    Necr           14%        N/A       67%         5
 Fulminant Prism          Conj/Hex       1%         3d6       91%         4


Dungeon Overview and Level Annotations

Branches:
Dungeon (4/15)
 Temple: D:4-7

Altars:
Gozag
Qazlal

Shops:
D:2 =

Annotations:
D:3 Terence


Innate Abilities, Weirdness & Mutations

You are immune to poison.
Your flesh is cold resistant. (rC+)
You are immune to negative energy. (rN+++)
You are immune to unholy pain and torment.
You are vulnerable to heat. (rF-)
You do not drink.


Message History

The bat hits you but does no damage. The bat barely misses you.
You closely miss the bat. The bat barely misses you.
The bat closely misses you. The bat hits you but does no damage.
You hit the bat but do no damage. The bat closely misses you.
The bat hits you but does no damage. The bat hits you. x2
Found an escape hatch in the floor.
The bat hits you but does no damage. The bat hits you but does no damage.
The bat hits you but does no damage. The gnoll completely misses you.
Found 13 arrows.
Found a stone staircase leading down.
The bat closely misses you. The bat hits you.
The bat hits you but does no damage. The bat barely misses you.
There is a stone staircase leading down here.
The bat barely misses you. The gnoll barely misses you.
You climb downwards.
There is a stone staircase leading up here.
You hit the gnoll but do no damage. The gnoll barely misses you.
Casting: Pain (safe; 3% risk of failure)
Confirm with . or Enter, or press ? or * to list all spells.
You don't know that spell.
Unknown command.
Casting: Pain (safe; 3% risk of failure)
Confirm with . or Enter, or press ? or * to list all spells.
Aiming: Pain (safe; 3% risk of failure)
Press: ? - help, Shift-Dir - straight line, f - gnoll
Aim: a gnoll, wielding a +0 club (chance to affect: 78%)
The gnoll writhes in agony.
The gnoll hits you with a +0 club!
* * * LOW HITPOINT WARNING * * *
Casting: Pain (safe; 3% risk of failure)
Confirm with . or Enter, or press ? or * to list all spells.
Aiming: Pain (safe; 3% risk of failure)
Press: ? - help, Shift-Dir - straight line, f/p - gnoll
Aim: a gnoll, wielding a +0 club (moderately wounded, chance to affect: 78%)
The gnoll writhes in agony.
The gnoll hits you with a +0 club.
You die... # #.### #.g@# #####

You could see a gnoll.

Vanquished Creatures
  6 endoplasms
  2 giant cockroaches
  A hobgoblin (D:1)
  2 kobolds
  A ball python (D:1)
  2 bats (D:1)
  A goblin (D:1)
  3 rats
18 creatures vanquished.

Notes
Turn   | Place    | Note
-------+----------+-------------------------------------------
     0 | D:1      | GreyArmor the Mummy Necromancer began the quest for the
                  | Orb.
     0 | D:1      | Reached XP level 1. HP: 13/13 MP: 4/4
     7 | D:1      | Learned a level 1 spell: Animate Skeleton
   386 | D:1      | Reached XP level 2. HP: 19/19 MP: 4/6
   539 | D:2      | Found a stormy altar of Qazlal.
   583 | D:2      | Found Istram's Jewellery Boutique.
   746 | D:3      | Found an opulent altar of Gozag.
   746 | D:3      | Noticed Terence
   807 | D:4      | Slain by a gnoll

Illustrated notes

Levels and vault maps discovered:
D:1:      minmay_arrival_up_and_down, layout_loops_corners, dk_noncrumbling_2,
          minmay_heptomino_w4
D:2:      layout_rooms, basic_altar, serial_shops,
          nicolae_shop_advertising_works [nicolae_subvault_shop_adworks],
          minmay_increasing_density
D:3:      layout_rooms, nicolae_gozag_cash_rules_everything_around_me,
          gammafunk_temple_overflow_elements, grunt_ministairs_15, uniq_jessica,
          uniq_terence
D:4:      minmay_wonky_spiral, layout_basic, fedhas_altar_2,
          mainiacjoe_overflow_surrounded_room, mainiacjoe_overflow_brackets,
          gammafunk_ghost_smash, hangedman_decor_diamond_cutter

Skill      XL: |  1 |
---------------+----+-----
Spellcasting   | 3 |  3.2
Fighting       | |  0.2
Dodging        | |  1.5
Stealth        | |  1.7
Necromancy     | |  4.4

Action                   || total
-------------------------++-------
Melee: Unarmed           ||    14
       Punch             ||     1
 Cast: Pain              ||    40
       Animate Skeleton  ||     3
Armor: Robe              ||    17
Dodge: Dodged            ||    37
